 Dungeon Crawl Stone Soup version 0.24-a0-530-g18ba70b5 (webtiles) character file.

Game seed: 3639288040416126272

116 pkoi the Poker (level 4, -4/35 HPs)
             Began as a Demonspawn Fighter on Aug 8, 2019.
             Slain by an ogre
             ... wielding a +0 giant spiked club
              (7 damage)
             ... on level 3 of the Dungeon.
             The game lasted 00:04:54 (2561 turns).

pkoi the Poker (Demonspawn Fighter)                 Turns: 2561, Time: 00:04:55

Health: -4/35      AC: 11    Str: 17    XL:     4   Next: 70%
Magic:  4/4        EV:  2    Int:  9    God:
Gold:   232        SH:  8    Dex: 13    Spells: 3/3 levels left

rFire    . . .     SeeInvis .   a - +0 trident
rCold    . . .     Gourm    .   c - +0 shield
rNeg     . . .     Faith    .   o - +0 plate armour
rPois    .         Spirit   .   (no helmet)
rElec    .         Reflect  .   (no cloak)
rCorr    .         Harm     .   (no gloves)
MR       .....                  (no boots)
Stlth    ..........             (no amulet)
HPRegen  0.11/turn              (no ring)
MPRegen  0.09/turn              (no ring)

@: lightly drained
A: powered by pain 1
a: no special abilities


You were on level 3 of the Dungeon.
You were not hungry.

You visited 1 branch of the dungeon, and saw 3 of its levels.

You collected 232 gold pieces.

Inventory:

Hand Weapons
 a - a +0 trident (weapon)
Missiles
 l - 4 atropa-tipped darts (quivered)
Armour
 b - a +0 scale mail
 c - a +0 shield (worn)
 i - a +0 chain mail
 o - a +0 plate armour (worn)
Jewellery
 m - an uncursed amulet of the gourmand {unknown}
Scrolls
 j - 4 scrolls of identify {unknown}
 n - 2 scrolls of remove curse {unknown}
 r - 2 scrolls of teleportation {unknown}
 t - a scroll of amnesia {unknown}
 u - a scroll of fear {unknown}
Potions
 d - a potion of might
 e - a potion of heal wounds {unknown}
 h - a potion of haste {unknown}
 k - a potion of curing {unknown}
 p - 2 potions of brilliance {unknown}
 q - 3 potions of mutation {unknown}
 s - a potion of cancellation {unknown}
Comestibles
 f - 3 rations
 g - 4 chunks of flesh


   Skills:
 - Level 3.0(2.6) Fighting
 + Level 4.5(4.1) Polearms
 - Level 2.6(2.3) Armour
 - Level 2.6(2.3) Shields


You had 3 spell levels left.
You didn't know any spells.
Your spell library was empty.

Dungeon Overview and Level Annotations

Branches:
Dungeon (3/15)

Altars:
Wu Jian
Lugonu

Portals:
Abyss: D:1


Innate Abilities, Weirdness & Mutations

You sometimes gain a little power by taking damage.


Message History

You open the door.
There is an open door here.
Found 22 stones.
You now have 232 gold pieces (gained 18).
An ogre comes into view. It is wielding a +0 giant spiked club.
You hit the ogre.
The ogre is lightly wounded.
The ogre hits you with a +0 giant spiked club!
You hit the ogre.
The ogre is lightly wounded.
You block the ogre's attack.
You hit the ogre.
The ogre is moderately wounded.
The ogre hits you with a +0 giant spiked club!!
Ouch! That really hurt!
* * * LOW HITPOINT WARNING * * *
You hit the ogre but do no damage.
The ogre is moderately wounded.
The ogre hits you with a +0 giant spiked club!
You die...

## .. ######## #.
#......# #. #.####.#
..####. #.####(# ..
.......###....#.#####
# #.#
#....@....#........ #
...
#...O##.....#.####. #
#.# .......#.....## #
#.# #########...###.#
#.# ##......#
####.#### #.######
#.......# #.#
###.##.##.# ##'##
....##.##.# ##<..##


You could see an ogre.

Vanquished Creatures
  4 adders
  2 worms (D:3)
  A dart slug (D:1)
  3 leopard geckos
  10 orcs (D:3)
  A giant cockroach (D:3)
  8 goblins
  7 hobgoblins
  A ball python (D:1)
  11 bats
  A frilled lizard (D:1)
  7 kobolds
  2 rats (D:3)
58 creatures vanquished.

Notes
Turn   | Place    | Note
-------+----------+-------------------------------------------
     0 | D:1      | pkoi the Demonspawn Fighter began the quest for the Orb.
     0 | D:1      | Reached XP level 1. HP: 18/18 MP: 1/1
    30 | D:1      | Reached skill level 2 in Polearms
    45 | D:1      | Found a one-way gate to the infinite horrors of the Abyss.
    45 | D:1      | Found a corrupted altar of Lugonu.
    45 | D:1      | Noticed an iron imp
    45 | D:1      | Noticed a quasit
    45 | D:1      | Noticed an iron imp
    45 | D:1      | Noticed a demonic crawler
    45 | D:1      | Noticed an iron imp
    45 | D:1      | Noticed an iron imp
    68 | D:1      | Noticed an iron imp
   148 | D:1      | Gained mutation: You sometimes gain a little power by
                  | taking damage. [demonic ancestry]
   148 | D:1      | Reached XP level 2. HP: 21/24 MP: 2/2
   434 | D:1      | Reached skill level 3 in Polearms
   865 | D:2      | Reached XP level 3. HP: 28/29 MP: 3/3
  1022 | D:2      | Found an ornate altar of the Wu Jian Council.
  1999 | D:3      | Reached skill level 4 in Polearms
  1999 | D:3      | Reached XP level 4. HP: 33/35 MP: 4/4
  2557 | D:3      | Noticed an ogre
  2561 | D:3      | Slain by an ogre

Levels and vault maps discovered:
D:1:      erik_arrival_cave_to_civilisation [erik_arrival_cave_to_temple],
          layout_basic, minmay_misc_feat_room
D:2:      layout_rooms, nicolae_overflow_hidden_temple, serial_co_window_serial,
          co_window_corner_a, co_window_paths_a, co_window_paths_b,
          co_window_corner_a, co_window_paths_b, co_window_paths_a,
          co_window_paths_a, co_window_unsneaky_path_e,
          co_window_of_opportunity_b, co_window_corner_cb, co_window_4corner_a,
          co_window_4corner_b, glass_columns_b, glass_columns_a
D:3:      kennysheep_six_static_rooms, layout_loops_corners, first_ration

Skill      XL: |  1  2  3 |
---------------+----------+-----
Polearms       | 2 3 4 |  4.5
Fighting       | |  3.0
Armour         | |  2.6
Shields        | |  2.6

Action                   |  1- 3 |  4- 6 || total
-------------------------+-------+-------++-------
Melee: Trident           |   176 |    93 ||   269
  Eat: Chunk             |     1 |     1 ||     2
       Ration            |     1 |       ||     1
Armor: Scale mail        |     3 |       ||     3
       Chain mail        |    38 |       ||    38
       Plate armour      |    48 |    46 ||    94
Dodge: Dodged            |    20 |     8 ||    28
Block: Shield            |    77 |    33 ||   110

Table legend:
 A = Non-vault XP
 B = Vault XP
 C = Vault XP percentage of total XP
 D = Non-vault monster count
 E = Vault monster count
 F = Vault count percentage of total count
                 A         B        C        D         E       F
            +---------+---------+-------+---------+---------+-------
      Total |     141 |      26 |  15.6 |      50 |       8 |  13.8
            +---------+---------+-------+---------+---------+-------
        D:1 |      33 |       3 |   8.3 |      20 |       2 |   9.1
        D:2 |      20 |       0 |   0.0 |       4 |       0 |   0.0
        D:3 |      88 |      23 |  20.7 |      26 |       6 |  18.8
            +---------+---------+-------+---------+---------+-------
